 Dungeon Crawl Stone Soup version 0.29.1-15-g9cfb28693d (webtiles) character file.

Game seed: 3088213484307948330

172 Jase the Shield-Bearer (level 5, -1/43 HPs)
             Began as a Formicid Fighter on Apr 20, 2023.
             Succumbed to an adder's poison
             ... on level 3 of the Dungeon.
             The game lasted 00:05:08 (2224 turns).

Jase the Shield-Bearer (Formicid Fighter)           Turns: 2224, Time: 00:05:09

Health: -1/43      AC:  7    Str: 22    XL:     5   Next: 83%
Magic:  5/5        EV:  9    Int:  8    God:
Gold:   85         SH:  5    Dex: 13    Spells: 4/4 levels left

rFire   . . .      SeeInvis +   a - +0 flail
rCold   . . .      Faith    .   c - +0 buckler
rNeg    . . .      Spirit   .   b - +0 scale mail
rPois   .          Reflect  .   (helmet unavailable)
rElec   .          Harm     .   (no cloak)
rCorr   .          Rampage  .   (no gloves)
Will    .....                   (no boots)
Stlth   ..........              k - amulet of the acrobat
HPRegen 0.14/turn               (no ring)
MPRegen 0.09/turn               (no ring)

@: lethally poisoned (-1 -> -12)
A: permanent stasis, dig shafts and tunnels, antennae 3, four strong arms
a: Dig, Shaft Self


You were on level 3 of the Dungeon.
You visited 1 branch of the dungeon, and saw 3 of its levels.

You collected 85 gold pieces.

Inventory:

Hand Weapons
 a - a +0 flail (weapon)
Armour
 b - a +0 scale mail (worn)
 c - a +0 buckler (worn)
Jewellery
 k - an amulet of the acrobat (around neck)
Wands
 t - a wand of paralysis (6)
Scrolls
 f - 2 scrolls of immolation {unknown}
 g - 2 scrolls of enchant armour {unknown}
 h - a scroll of vulnerability {unknown}
 i - a scroll of enchant weapon {unknown}
 j - a scroll of torment {unknown}
 l - 4 scrolls of identify {unknown}
 n - a scroll of silence {unknown}
 o - a scroll of fear {unknown}
 u - a scroll of blinking {unknown}
Potions
 d - a potion of might
 m - a potion of haste {unknown}
 p - a potion of flight {unknown}
 q - a potion of brilliance {unknown}
 r - a potion of experience {unknown}
 s - a potion of berserk rage


   Skills:
 + Level 4.3 Fighting
 + Level 3.1 Maces & Flails
 + Level 4.3 Armour
 + Level 5.2 Shields


You had 4 spell levels left.
You didn't know any spells.
Your spell library contained the following spells:

 Spells                   Type           Power      Damage    Failure   Level
 Fireball                 Conj/Fire      0%         3d3       100%        5
 Iskenderun's Battlesphe  Conj           0%         2d6       100%        5
 Conjure Ball Lightning   Conj/Air       0%         3x3d6     100%        6
 Orb of Destruction       Conj           0%         9d5       100%        7


Dungeon Overview and Level Annotations

Branches:
Dungeon (3/15)

Altars:


Innate Abilities, Weirdness & Mutations

You cannot be hasted, slowed, berserked, paralysed or teleported.
You can dig through walls and to a lower floor.
You have a pair of large antennae on your head. (SInv)
Your four strong arms can wield two-handed weapons with a shield.


Message History

The goblin attacks as you move away! You block the goblin's attack.
You see here a worm corpse.
The goblin attacks as you move away! The goblin hits you with a +0 club.
* * * LOW HITPOINT WARNING * * *
You hit the goblin.
The goblin is severely wounded.
The goblin hits you but does no damage. x2
You sock the goblin!
You kill the goblin!
You miss the kobold. The kobold hits you but does no damage.
You hit the kobold but do no damage. The kobold hits you but does no damage.
You barely miss the kobold. The kobold hits you but does no damage.
The kobold hits you with a +0 short sword.
* * * LOW HITPOINT WARNING * * *
You barely miss the kobold. The kobold barely misses you.
You closely miss the kobold. The kobold closely misses you.
You miss the kobold.
The kobold hits you with a +0 short sword.
* * * LOW HITPOINT WARNING * * *
You barely miss the kobold. The kobold hits you but does no damage.
The kobold closely misses you.
You hit the kobold.
You kill the kobold!
You sock the goblin!
You kill the goblin!
The adder bites you.
* * * LOW HITPOINT WARNING * * *
You barely miss the adder. The adder bites you.
* * * LOW HITPOINT WARNING * * *
You are lethally poisoned!
The adder poisons you!
You miss the adder.
* * * LOW HITPOINT WARNING * * *
You feel sick. The adder bites you.
* * * LOW HITPOINT WARNING * * *
You are more poisoned.
The adder poisons you! You block the adder's attack.
It was a potion of berserk rage.
Your stasis prevents you from going berserk.
You die...

#...## # #.#..#
.# #.##.### ..#
#.##..S### ...#
#.####.))#....##
#†# ###.:.....#
#.# ###......
#S# #####
#######@#
#.......#
#.####### #.#
#.# # #.#.#
##.#.# #....#
#..#######


You could see an adder.

Vanquished Creatures
  Natasha (thrice) (D:2)
  Robin (D:3)
  4 worms
  A dart slug (D:2)
  An orc (D:3)
  7 bats
  3 endoplasms
  4 giant cockroaches
  15 goblins
  11 hobgoblins
  4 jackals (D:1)
  A quokka (D:2)
  A ball python (D:2)
  3 frilled lizards (D:1)
  7 kobolds
  2 rats (D:2)
68 creatures vanquished.

Notes
Turn   | Place    | Note
-------+----------+-------------------------------------------
     0 | D:1      | Jase the Formicid Fighter began the quest for the Orb.
     0 | D:1      | Reached XP level 1. HP: 18/18 MP: 1/1
   129 | D:1      | Reached XP level 2. HP: 22/24 MP: 2/2
   353 | D:1      | Reached XP level 3. HP: 29/29 MP: 3/3
  1090 | D:2      | Reached XP level 4. HP: 37/37 MP: 4/4
  1260 | D:2      | Noticed Natasha
  1270 | D:2      | Killed Natasha
  1547 | D:2      | Noticed Natasha
  1554 | D:2      | Killed Natasha
  1555 | D:2      | Reached skill level 5 in Shields
  1555 | D:2      | Reached XP level 5. HP: 32/42 MP: 5/5
  1743 | D:2      | Noticed Natasha
  1758 | D:2      | Killed Natasha
  2160 | D:3      | Noticed Robin
  2190 | D:3      | Killed Robin
  2194 | D:3      | HP: 2/43 [goblin/+0 club (1)]
  2223 | D:3      | HP: 2/43 [adder (1)]
  2224 | D:3      | Succumbed to an adder's poison

Illustrated notes

Levels and vault maps discovered:
D:1:      minmay_arrival_checkered_box, layout_basic
D:2:      layout_loops_ring, dk_vineyard_1, minmay_misc_feat_columns,
          uniq_natasha
D:3:      layout_basic, minmay_rat_hole, uniq_robin

Skill      XL: |  1  2  3  4  5 |
---------------+----------------+-----
Fighting       | 4 |  4.3
Armour         | 4 |  4.3
Shields        | 5 |  5.2
Maces & Flails | 3 |  3.1

Action                   |  1- 3 |  4- 6 || total
-------------------------+-------+-------++-------
Melee: Flail             |    97 |    89 ||   186
  Use: Potion            |       |     2 ||     2
Armor: Scale mail        |    47 |    34 ||    81
Dodge: Dodged            |    50 |    49 ||    99
Block: Buckler           |    25 |    23 ||    48
